Map: Ever Dream LE

Players

Stats

  • Race: Protoss Protoss
  • Spawn Location: 7:00

Serral - Winner!

  • Race: Zerg Zerg
  • Spawn Location: 1:00

Event: StayAtHomestory Cup #2

VOD

Have the link to the VOD?

Description

Time

  • Played on: June 13, 2020, 7:03 a.m.
  • Length: 15:40

All games in this series

Show
View Real Time Build Order
Export as new Build Order

Stats Protoss 

Build Orders: 1 Gate Expand, Mass Adepts 

Get SALT Encoding   

  12  0:00  Probe  
  13  0:13  Pylon  
  13  0:14  Probe  
  14  0:22  Probe  
  15  0:32  Probe  
  16  0:40  Gateway  
  16  0:44  Probe  
  16  0:48  Assimilator  
  17  0:56  Probe  
  18  1:09  Probe  
  19  1:21  Probe  
  20  1:27  Nexus  
  20  1:34  Cybernetics Core  
  20  1:37  Probe  
  21  1:43  Assimilator  
  21  1:49  Probe  
  21  1:53  Pylon  
  22  2:01  Adept, Probe  
  23  2:11  Warp Gate  
  23  2:13  Probe  
  26  2:21  Stalker  
  26  2:25  Probe  
  26  2:26  Twilight Council  
  27  2:35  Probe  
  29  2:37  Probe  
  29  2:43  Probe  
  31  2:50  Probe, Robotics Facility  
  33  2:52  Resonating Glaives  
  33  2:53  Probe  
  34  3:03  Probe  
  34  3:05  Gateway  
  35  3:13  Probe  
  35  3:15  Adept  
  35  3:19  Probe  
  39  3:27  Gateway, Warp Prism  
  39  3:31  Gateway  
  41  3:49  Pylon  
  41  3:51  Probe, Pylon  
  43  4:02  Adept x2  
  46  4:07  Observer  
  46  4:08  Probe x2  
  49  4:12  Pylon  
  49  4:20  Probe x2  
  51  4:25  Adept x4  
  59  4:31  Pylon  
  59  4:33  Assimilator  
  59  4:46  Adept x4  
  59  4:48  Probe x2  
  59  4:49  Pylon  
  65  5:08  Adept x4  
  71  5:18  Immortal  
  71  5:19  Probe x2  
  71  5:21  Assimilator  
  75  5:31  Probe x2  
  75  5:35  Nexus  
  77  5:38  Pylon  
  77  5:44  Probe x2  
  77  5:46  Forge  
  79  5:57  Sentry x2, Immortal  
  87  6:10  Adept  
  87  6:11  Adept  
  91  6:14  Probe x2  
  91  6:15  Pylon  
  91  6:16  Protoss Ground Weapons Level 1  
  85  6:26  Immortal  
  85  6:28  Probe x2  
  85  6:36  Sentry, Adept x3  
  85  6:39  Shield Battery  
  97  6:46  Probe x2  
  99  6:54  Probe  
  99  6:58  Probe x2  
  102  7:03  Gateway  
  102  7:04  Gateway  
  102  7:06  Gateway  
  102  7:08  Sentry  
  102  7:09  Sentry x2  
  108  7:20  Probe x3, Blink, Stalker  
  111  7:32  Assimilator  
  111  7:33  Assimilator  
  111  7:35  Pylon  
  111  7:37  Probe x3  
  114  7:38  Pylon  
  114  7:43  Pylon  
  114  7:44  Gateway  
  114  7:46  Pylon  
  114  7:47  Templar Archives  
  114  7:49  Probe x3  
  117  8:03  Probe x2  
  119  8:06  Shield Battery  
  119  8:07  Protoss Ground Weapons Level 2  
  119  8:08  Shield Battery  
  119  8:09  Psionic Storm  
  119  8:11  Shield Battery  
  119  8:12  Stalker x2  
  119  8:15  Shield Battery  
  119  8:16  Photon Cannon  
  123  8:21  Pylon  
  123  8:23  Pylon  
  123  8:27  High Templar  
  123  8:28  High Templar  
  127  8:35  Gateway  
  127  8:36  Gateway  
  127  8:42  Shield Battery  
  127  8:55  High Templar x2  
  129  9:00  Pylon  
  129  9:01  Charge, Pylon  
  131  9:03  Zealot x2  
  131  9:04  Zealot x4  
  131  9:08  Pylon  
  131  9:09  Pylon  
  143  9:24  High Templar x2  
  147  9:37  Warp Prism  
  145  9:43  High Templar x2  
  143  9:47  Forge, Nexus  
  143  9:49  Zealot x2, Pylon  
  143  9:50  Zealot x2  
  153  10:00  Archon, High Templar  
  153  10:01  High Templar  
  153  10:05  Archon  
  150  10:23  Protoss Ground Weapons Level 3  
  150  10:24  Zealot x5  
  150  10:27  Zealot x3  
  160  10:36  Gateway  
  160  10:38  Gateway  
  160  10:42  Protoss Ground Armor Level 1  
  160  10:49  High Templar x2  
  162  10:50  High Templar x2, Zealot  
  162  10:51  Zealot x2  
  162  10:55  Archon x2  
  166  10:57  Nexus  
  166  10:59  Pylon  
  156  11:18  High Templar x2  
  158  11:21  Gateway  
  158  11:23  Archon, Gateway  
  158  11:25  Gateway  
  158  11:29  Immortal  
  162  11:34  Shield Battery  
  162  11:35  Photon Cannon  
  162  11:38  Pylon  
  162  11:40  Gateway  
  162  11:41  Gateway  
  162  11:42  Zealot x5  
  172  11:52  Zealot x2  
  164  12:02  Probe x3  
  164  12:04  Zealot  
  164  12:05  Zealot x4  
  165  12:13  Zealot x2  
  169  12:16  Unknown  
  169  12:21  High Templar x3  
  176  12:22  Probe  
  176  12:23  Probe x3  
  176  12:27  High Templar x3  
  176  12:28  Zealot x2  
  189  12:33  Archon x3  
  189  12:40  Zealot x4  
  195  12:50  Zealot x2  
  195  12:51  Photon Cannon  
  179  12:52  Probe  
  179  12:53  Probe x3  
  183  12:59  Zealot x4  
  183  13:02  High Templar x4  
  199  13:08  Archon x2  
  189  13:13  Stalker x4  
  189  13:17  Photon Cannon  
  143  13:34  Stalker  
  143  13:35  Stalker x5  
  143  13:36  Stalker x2  
  143  13:38  Probe x3  
  160  13:42  High Templar x2  
  162  13:50  Probe  
  162  13:51  Archon  
  162  13:52  Archon  
  107  13:56  Zealot x2  
  107  13:58  Archon  
  107  14:00  Zealot x3  
  107  14:01  Zealot x2  
  113  14:11  High Templar x3  
  113  14:15  High Templar  
  113  14:16  Archon, Zealot x2  
  113  14:17  Zealot  
  113  14:20  Archon  
  113  14:21  Zealot  
Show
View Real Time Build Order
Export as new Build Order

Serral Zerg - Winner!

Build Orders: Hatch First 

Get SALT Encoding   

  12  0:00  Drone  
  13  0:12  Overlord  
  13  0:17  Drone  
  14  0:30  Drone x2  
  16  0:37  Drone  
  17  0:53  Hatchery  
  17  0:54  Drone  
  17  0:57  Drone  
  18  1:08  Extractor  
  17  1:13  Spawning Pool  
  17  1:15  Drone  
  17  1:20  Drone  
  18  1:28  Drone  
  19  1:38  Overlord  
  19  1:51  Drone  
  20  1:59  Queen  
  20  2:00  Zergling x2  
  23  2:04  Queen  
  23  2:05  Zergling x2  
  26  2:12  Drone  
  27  2:16  Drone  
  27  2:20  Metabolic Boost  
  29  2:22  Drone  
  29  2:27  Drone  
  30  2:41  Hatchery  
  30  2:43  Drone  
  30  2:46  Queen  
  32  2:51  Zergling x2  
  32  2:55  Overlord  
  33  2:58  Drone  
  33  3:01  Drone  
  33  3:02  Drone  
  36  3:14  Drone x4  
  36  3:15  Overlord  
  40  3:20  Drone  
  40  3:23  Drone  
  40  3:26  Queen  
  44  3:30  Overlord  
  44  3:34  Overlord  
  44  3:42  Drone x3  
  44  3:46  Drone, Spore Crawler  
  46  3:51  Drone  
  46  3:52  Drone  
  46  3:55  Queen  
  50  4:00  Roach Warren  
  50  4:01  Drone x2  
  51  4:06  Drone x2  
  51  4:09  Zergling x4  
  55  4:11  Zergling x2  
  55  4:14  Spine Crawler  
  55  4:15  Zergling x2  
  56  4:18  Spore Crawler  
  56  4:22  Zergling x2  
  56  4:23  Zergling x4  
  58  4:26  Zergling x4  
  58  4:30  Zergling x4  
  62  4:34  Overlord  
  62  4:40  Roach x4  
  62  4:45  Roach  
  72  4:48  Roach  
  72  4:51  Overlord  
  74  4:53  Overlord  
  72  5:05  Roach x2, Zergling x8  
  80  5:14  Roach x2, Zergling x6  
  80  5:16  Zergling x4  
  80  5:19  Queen  
  87  5:24  Roach  
  95  5:28  Roach x3  
  95  5:30  Spore Crawler  
  95  5:31  Overlord  
  94  5:39  Drone x2  
  94  5:40  Overlord  
  94  5:41  Overlord  
  96  5:43  Extractor  
  95  5:51  Overlord  
  95  6:00  Roach x3  
  95  6:01  Roach  
  95  6:04  Overlord  
  101  6:18  Drone x3  
  103  6:19  Roach x2  
  103  6:22  Drone x2  
  108  6:26  Drone  
  108  6:27  Extractor  
  108  6:28  Drone x2  
  108  6:29  Drone x2  
  108  6:33  Drone  
  108  6:36  Drone  
  108  6:38  Extractor x2  
  107  6:40  Lair  
  107  6:43  Drone x2  
  109  6:48  Drone x4  
  109  6:52  Drone  
  109  6:53  Drone  
  111  6:58  Extractor, Drone x3  
  111  6:59  Evolution Chamber  
  112  7:04  Drone  
  112  7:05  Drone x2  
  115  7:12  Roach  
  117  7:16  Roach  
  117  7:17  Roach  
  117  7:18  Drone x2  
  117  7:20  Drone  
  117  7:21  Drone  
  124  7:26  Baneling Nest, Zerg Melee Weapons Level 1  
  124  7:27  Drone x3  
  124  7:29  Drone, Overlord  
  127  7:36  Overlord, Hatchery  
  126  7:38  Zergling x2  
  126  7:39  Glial Reconstitution  
  127  7:44  Ravager x2  
  127  7:45  Ravager x3  
  127  7:49  Roach  
  127  7:50  Roach x3  
  140  7:52  Roach  
  140  7:53  Roach  
  140  7:55  Overlord  
  140  7:57  Overlord, Hatchery  
  143  8:00  Overlord  
  143  8:01  Overlord x2  
  143  8:10  Centrifical Hooks  
  143  8:12  Overlord  
  143  8:14  Overseer  
  143  8:17  Zergling x10  
  148  8:25  Drone  
  148  8:26  Evolution Chamber, Drone x5  
  154  8:27  Drone  
  154  8:33  Drone x4  
  158  8:35  Roach x2, Zergling x2  
  163  8:41  Drone  
  163  8:45  Overlord  
  166  8:48  Roach x2  
  166  8:49  Overlord  
  166  8:52  Drone  
  166  8:53  Drone x3  
  166  8:54  Hatchery  
  171  8:55  Zerg Missile Weapons Level 1  
  171  9:06  Overlord  
  171  9:07  Ravager x3  
  171  9:08  Zergling x10, Ravager  
  180  9:15  Zergling x8  
  184  9:24  Zerg Melee Weapons Level 2  
  184  9:26  Zergling x12  
  184  9:29  Infestation Pit  
  189  9:31  Drone  
  189  9:32  Unknown, Spire  
  189  9:34  Queen  
  189  9:39  Zergling x16  
  189  9:40  Zergling x2  
  197  9:47  Baneling x13  
  197  9:52  Baneling x4  
  197  9:53  Overseer  
  197  9:56  Drone x3  
  197  9:59  Overlord x2  
  200  10:01  Overlord  
  200  10:02  Overlord  
  200  10:09  Hive  
  199  10:14  Spore Crawler  
  199  10:15  Spine Crawler  
  199  10:20  Drone  
  199  10:21  Drone  
  199  10:28  Zergling x22  
  199  10:43  Baneling x4  
  194  10:50  Zerg Ground Armor Level 1  
  188  10:58  Zergling x2  
  188  10:59  Zergling x26  
  188  11:02  Baneling x15  
  188  11:03  Baneling  
  189  11:11  Zergling x2  
  189  11:12  Zergling x16  
  200  11:22  Overlord  
  200  11:25  Corruptor x2  
  196  11:29  Overlord  
  196  11:30  Pneumatized Carapace  
  200  11:40  Baneling x21  
  200  11:42  Overseer  
  200  11:45  Greater Spire  
  200  11:46  Adrenal Glands  
  200  11:48  Zerg Melee Weapons Level 3  
  200  11:49  Zergling x4  
  198  11:59  Zergling x12  
  196  12:06  Zergling x8  
  198  12:17  Baneling x8  
  198  12:23  Hatchery  
  198  12:24  Zergling x6  
  198  12:29  Baneling x8  
  200  12:43  Zergling x6  
  200  12:47  Baneling x5  
  200  12:48  Zergling x18  
  199  12:54  Baneling  
  199  12:55  Baneling x6  
  199  13:04  Zerg Ground Armor Level 2  
  199  13:07  Baneling  
  199  13:08  Baneling x31  
  195  13:25  Zergling x20  
  195  13:26  Zergling x26  
  191  13:30  Zergling x24  
  194  13:38  Zergling x14  
  194  13:39  Zergling x2  
  181  13:50  Zergling x26  
  181  13:53  Roach  
  142  13:59  Roach x3, Zergling x4  
  139  14:03  Roach x4  
  139  14:04  Roach x2  
  139  14:07  Baneling x10  
  149  14:12  Roach  
  149  14:13  Roach x3, Zergling x10  
  149  14:16  Zergling x2  
  149  14:17  Zergling x4  
Tags
 
Add a new tag
Caveats
  • Supply blocks, unpowered buildings, or Contaminate may cause inaccurate times.
  • Supply counts are checked every 10 seconds.